 Dungeon Crawl Stone Soup version 0.24.0-123-gd5b16e6ec5 (webtiles) character file.

Game seed: 163164625895899054, levelgen mode: deterministic

4274 Peloso the Carver (level 10, -12/86 HPs)
             Began as a Minotaur Fighter on Feb 11, 2020.
             Was a Priest of Okawaru.
             Mangled by an orc warrior
             ... wielding a +0 dire flail
              (19 damage)
             ... on level 9 of the Dungeon.
             The game lasted 00:11:34 (6458 turns).

Peloso the Carver (Minotaur Fighter)                Turns: 6458, Time: 00:11:35

Health: -12/86     AC: 13    Str: 23    XL:     10   Next: 10%
Magic:  0/9        EV: 13    Int:  5    God:    Okawaru [***...]
Gold:   389        SH: 14    Dex: 14    Spells: 9/9 levels left

rFire    + . .     SeeInvis .   a - +0 long sword
rCold    x . .     Gourm    .   c - +0 shield
rNeg     . . .     Faith    .   b - +0 chain mail
rPois    .         Spirit   +   (helmet restricted)
rElec    .         Reflect  .   (no cloak)
rCorr    .         Harm     .   (no gloves)
MR       .....                  (no boots)
Stlth    ..........             x - amulet of guardian spirit
HPRegen  0.24/turn              e - +3 ring of dexterity
MPRegen  0.11/turn              w - ring of fire

@: heroism
A: retaliatory headbutt, horns 2
a: Heroism, Renounce Religion


You were on level 9 of the Dungeon.
You worshipped Okawaru.
Okawaru was most pleased with you.
You were hungry.

You visited 1 branch of the dungeon, and saw 9 of its levels.

You collected 389 gold pieces.

Inventory:

Hand Weapons
 a - a +0 long sword (weapon)
Armour
 b - a +0 chain mail (worn)
 c - a +0 shield (worn)
Jewellery
 e - a +3 ring of dexterity (left hand)
 i - an uncursed ring of positive energy
 j - a +3 ring of dexterity
 w - a ring of fire (right hand)
 x - an amulet of guardian spirit (around neck)
 y - a +2 ring of dexterity
 A - an uncursed ring of stealth {unknown}
 B - an uncursed ring of resist corrosion {unknown}
Wands
 v - a wand of iceblast (10)
 D - a wand of flame (15)
 E - a wand of enslavement (6)
Scrolls
 g - 2 scrolls of magic mapping {unknown}
 h - 3 scrolls of teleportation {unknown}
 m - a scroll of noise {unknown}
 n - a scroll of enchant weapon {unknown}
 o - a scroll of amnesia {unknown}
 p - a scroll of immolation {unknown}
 q - 2 scrolls of remove curse {unknown}
 r - 4 scrolls of identify {unknown}
 s - a scroll of enchant armour {unknown}
 t - 2 scrolls of random uselessness {unknown}
 C - a scroll of fog {unknown}
Potions
 d - a potion of might
 k - 2 potions of heal wounds {unknown}
 l - a potion of curing
 u - a potion of resistance {unknown}
 z - a potion of ambrosia {unknown}
 F - 2 potions of haste
Comestibles
 f - 17 rations


   Skills:
 + Level 7.5(12.5) Fighting
 + Level 10.5(15.5) Long Blades
 + Level 9.3(14.3) Armour
 + Level 2.7(7.7) Dodging
 + Level 1.5(6.5) Stealth
 + Level 9.2(14.2) Shields


You had 9 spell levels left.
You didn't know any spells.
Your spell library contained the following spells:

 Spells                   Type           Power        Failure   Level  Hunger
 Animate Skeleton         Necr           N/A          95%         1    ##.....
 Apportation              Tloc           #.....       95%         1    ##.....
 Confusing Touch          Hex            #.....       95%         1    ##.....
 Corona                   Hex            #......      95%         1    ##.....
 Flame Tongue             Conj/Fire      #....        95%         1    ##.....
 Summon Small Mammal      Summ           #...         95%         1    ##.....
 Ensorcelled Hibernation  Hex/Ice        #.....       99%         2    ###....
 Throw Flame              Conj/Fire      #.....       99%         2    ###....
 Confuse                  Hex            #.......     100%        3    ####...
 Conjure Flame            Conj/Fire      #.......     100%        3    ####...
 Dazzling Spray           Conj/Hex       #.....       100%        3    ####...
 Inner Flame              Hex/Fire       #.......     100%        3    ####...
 Tukima's Dance           Hex            #.......     100%        3    ####...
 Sticky Flame             Conj/Fire      #.......     100%        4    #####..
 Fireball                 Conj/Fire      #.........   100%        5    ######.


Dungeon Overview and Level Annotations

Branches:
Dungeon (9/15)             Temple (0/1) D:7             Orc (0/2) D:9
   Lair: D:8-11

Altars:
Ashenzari
Elyvilon
Hepliaklqana
Kikubaaqudgha
Makhleb
Okawaru
Qazlal
Ru
Uskayaw
Vehumet
Wu Jian
Xom
Yredelemnul
Zin

Annotations:
D:3 2 transporters, hofbold's ghost, amateur MiFi


Innate Abilities, Weirdness & Mutations

You reflexively headbutt those who attack you in melee.
You have a pair of horns on your head.


Message History

Unknown command.
You barely miss the orc warrior. You headbutt the orc warrior.
The orc warrior is severely wounded.
You block the orc wizard's attack.
The orc warrior hits you with a +0 dire flail.
* * * LOW HITPOINT WARNING * * *
The crimson imp hits you but does no damage.
Unknown command.
You barely miss the orc warrior. Your headbutt misses the orc warrior.
The orc warrior is severely wounded.
You block the orc wizard's attack.
The orc warrior hits you with a +0 dire flail!
* * * LOW HITPOINT WARNING * * *
Unknown command.
You feel better. You block the orc wizard's attack.
The crimson imp hits you but does no damage.
The orc wizard gestures wildly while chanting.
The orc wizard blinks!
The orc warrior hits you with a +0 dire flail!!
You die...

#...# #.....
###)# ######'
######)######
#......
#...........#
#......
#...........#
+......
#.............
#......
#..>........##
#......
####.########
#......
#.ยง@o##
#......
####5(#
######.
#########(##
########.
#..(....(.o#
#........
#......)...+
#........
#.....5o...#
#........
#........<.#
#........
#..........#
#........
....o.......#
+........


You could see an orc warrior, an orc wizard and a crimson imp.

Vanquished Creatures
  A two-headed ogre (D:8)
  A hippogriff (D:8)
  Prince Ribbit (D:6)
  A hungry ghost (D:8)
  Menkaure (D:5)
  A water moccasin (D:9)
  3 orc warriors
  A hornet zombie (D:7)
  2 black bears
  An ice beast (D:6)
  2 necrophages
  3 phantoms
  A sky beast (D:8)
  2 ogres
  A bullfrog (D:8)
  A gnoll sergeant (D:5)
  3 scorpions
  A water moccasin skeleton (D:4)
  3 wights (D:6)
  2 vampire bats (D:2)
  2 howler monkeys
  A crimson imp (D:3)
  A centaur zombie (D:6)
  3 hounds
  A jelly (D:7)
  A bullfrog skeleton (D:5)
  A centaur skeleton (D:6)
  2 orc priests
  A gnoll shaman (D:5)
  An iguana (D:9)
  An orc wizard (D:8)
  6 worker ants
  A hound zombie (D:7)
  A hound skeleton (D:7)
  2 howler monkey zombies (D:8)
  A worker ant zombie (D:8)
  15 gnolls (D:5)
  8 adders
  2 shadow imps
  2 oozes
  2 adder skeletons
  6 worms
  5 dart slugs
  5 leopard geckos
  20 orcs
  4 bat skeletons (D:2)
  A bat zombie (D:2)
  7 giant cockroaches
  11 goblins
  7 hobgoblins
  9 jackals
  5 quokkas
  8 bats
  4 frilled lizards
  A kobold (D:2)
  6 rats
186 creatures vanquished.

Notes
Turn   | Place    | Note
-------+----------+-------------------------------------------
     0 | D:1      | Peloso the Minotaur Fighter began the quest for the Orb.
     0 | D:1      | Reached XP level 1. HP: 19/19 MP: 0/0
    68 | D:1      | Reached XP level 2. HP: 27/27 MP: 1/1
   570 | D:1      | Reached XP level 3. HP: 29/33 MP: 2/2
  1062 | D:2      | Found a sacrificial altar of Ru.
  1193 | D:2      | Reached skill level 3 in Long Blades
  1210 | D:2      | Found an ancient bone altar of Kikubaaqudgha.
  1234 | D:2      | Reached XP level 4. HP: 41/41 MP: 3/3
  1275 | D:2      | Reached XP level 5. HP: 46/47 MP: 4/4
  1519 | D:3      | Noticed a phantom
  1550 | D:3      | Killed a phantom
  1550 | D:3      | Reached skill level 4 in Long Blades
  1550 | D:3      | Reached skill level 5 in Armour
  1550 | D:3      | Reached skill level 5 in Shields
  1550 | D:3      | Reached XP level 6. HP: 39/53 MP: 5/5
  1635 | D:3      | Noticed hofbold's ghost (amateur MiFi)
  1635 | D:3      | Identified the +7 dire flail of Grontol {freeze, MP+9
                  | Dex+4}
  1636 | D:3      | Found a transporter.
  1640 | D:3      | Found a transporter.
  1895 | D:3      | Found a burning altar of Makhleb.
  1896 | D:3      | Found a shimmering altar of Xom.
  1899 | D:3      | Reached skill level 1 in Dodging
  1932 | D:4      | Found a shimmering altar of Xom.
  2287 | D:4      | Reached skill level 5 in Long Blades
  2337 | D:4      | Reached XP level 7. HP: 20/60 MP: 6/6
  2632 | D:4      | Found a glowing silver altar of Zin.
  2638 | D:4      | Reached skill level 5 in Fighting
  3130 | D:4      | Reached skill level 6 in Long Blades
  3349 | D:5      | Entered Level 5 of the Dungeon
  3508 | D:5      | Found a hazy altar of Hepliaklqana.
  3512 | D:5      | Found an ornate altar of the Wu Jian Council.
  3540 | D:5      | Found a hide-covered altar of Uskayaw.
  3614 | D:5      | Noticed Menkaure
  3625 | D:5      | Killed Menkaure
  3841 | D:5      | Reached XP level 8. HP: 69/69 MP: 7/7
  4039 | D:5      | Identified the cursed +0 leather armour of Theory {Str+4
                  | Dex+5 Slay-4}
  4412 | D:5      | Found an iron altar of Okawaru.
  4521 | D:5      | Became a worshipper of Warmaster Okawaru
  4647 | D:6      | Reached skill level 7 in Long Blades
  4648 | D:6      | Reached skill level 1 in Stealth
  4923 | D:6      | Noticed Prince Ribbit
  4931 | D:6      | Killed Prince Ribbit
  4931 | D:6      | Reached * piety under Okawaru
  4931 | D:6      | Reached skill level 8 in Long Blades
  5064 | D:7      | Reached XP level 9. HP: 75/75 MP: 8/8
  5263 | D:7      | Found a basalt altar of Yredelemnul.
  5375 | D:7      | Found a white marble altar of Elyvilon.
  5459 | D:7      | Found a shattered altar of Ashenzari.
  5553 | D:7      | Found a staircase to the Ecumenical Temple.
  5609 | D:8      | Reached skill level 9 in Long Blades
  5628 | D:8      | Reached ** piety under Okawaru
  5947 | D:8      | Found a stormy altar of Qazlal.
  5963 | D:8      | Noticed a two-headed ogre
  5970 | D:8      | Killed a two-headed ogre
  5970 | D:8      | Reached *** piety under Okawaru
  5970 | D:8      | Reached skill level 10 in Long Blades
  6156 | D:8      | Found a radiant altar of Vehumet.
  6339 | D:9      | Reached XP level 10. HP: 68/86 MP: 7/9
  6406 | D:9      | Found a staircase to the Orcish Mines.
  6457 | D:9      | HP: 2/86 [orc warrior/+0 dire flail (8)]
  6458 | D:9      | Mangled by an orc warrior

Levels and vault maps discovered:
D:1:      dpeg_arrival_line_fractal, layout_basic
D:2:      layout_loops_cross, kennysheep_vampire_church, nicolae_ru_awakened_eye
D:3:      layout_loops_ring, grunt_temple_overflow_champion_of_chaos,
          gammafunk_ghost_smash
D:4:      layout_cave_pods, zin_academy, first_ration, xom_teletrap_fun
D:5:      layout_loops_ring, lemuel_coloured_pillars_altar, minitemple,
          basic_altar, lightli_minifort, uniq_menkaure
D:6:      layout_rooms, chequers_serial_rivers_room_b, uniq_prince_ribbit1
D:7:      layout_rooms, kennysheep_ying_yang, kennysheep_little_box, temple_hall
D:8:      layout_basic, kennysheep_mini, basic_altar
D:9:      layout_roguey, david_orc_3, hangedman_abyss_or_decor_slice,
          hangedman_fish_farm

Skill      XL: |  1  2  3  4  5  6  7  8  9 |
---------------+----------------------------+-----
Armour         | 4 5 6 8 9 |  9.3
Fighting       | 4 5 6 7 |  7.5
Shields        | 4 5 6 7 9 |  9.2
Long Blades    | 3 4 5 6 8 10 | 10.5
Dodging        | 1 2 |  2.7
Stealth        | 1 |  1.5

Action                   |  1- 3 |  4- 6 |  7- 9 | 10-12 || total
-------------------------+-------+-------+-------+-------++-------
Melee: Long sword        |    81 |   149 |   341 |    61 ||   632
       Headbutt          |    14 |    34 |    91 |    15 ||   154
Invok: Heroism           |       |       |     1 |     2 ||     3
  Use: Potion            |     3 |       |       |     2 ||     5
  Eat: Chunk             |       |     4 |    15 |       ||    19
Armor: Chain mail        |   105 |    89 |   122 |    13 ||   329
Dodge: Dodged            |    30 |    33 |    82 |    17 ||   162
Block: Shield            |    81 |    98 |   200 |    41 ||   420
       Rpst.: Long sword |    10 |     9 |    15 |     2 ||    36
